 Dungeon Crawl Stone Soup version 0.26-a0-639-g72c4674329 (webtiles) character file.

Game seed: 17363370366441032305

66091 Flugslaktarn the Warrior (level 14, 0/136 HPs)
             Began as a Minotaur Fighter on Sept 20, 2020.
             Was a High Priest of Cheibriados.
             Killed by divine providence
             ... invoked by Saint Roka
              (16 damage)
             ... on level 2 of the Orcish Mines.
             The game lasted 00:10:08 (17664 turns).

Flugslaktarn the Warrior (Minotaur Fighter)        Turns: 17664, Time: 00:10:08

Health: 0/136      AC: 22    Str: 50    XL:     14   Next: 77%
Magic:  20/20      EV: 17    Int: 21    God:    Cheibriados [*****.]
Gold:   1173       SH: 26    Dex: 25    Spells: 13/13 levels left

rFire    . . .     SeeInvis .   D - +2 war axe
rCold    . . .     Faith    .   c - +0 kite shield
rNeg     . . .     Spirit   .   E - +0 plate armour
rPois    +         Reflect  +   H - +1 hat of Beyond {Int+2}
rElec    .         Harm     .   g - +2 cloak {rPois}
rCorr    .         Rampage  .   i - +1 pair of gloves {Str+3}
MR       +....                  (no boots)
Stlth    ..........             B - amulet of reflection
HPRegen  0.32/turn              n - +6 ring of strength
MPRegen  0.17/turn              o - ring of poison resistance

@: lightly drained, very slow
A: retaliatory headbutt, horns 2, large bone plates 1, screaming 1, strong 1
a: Bend Time, Temporal Distortion, Slouch, Step From Time, Renounce Religion


You were on level 2 of the Orcish Mines.
You worshipped Cheibriados.
Cheibriados was extremely pleased with you.
You visited 2 branches of the dungeon, and saw 17 of its levels.
You also visited: Gauntlet.

You collected 1514 gold pieces.
You spent 341 gold pieces at shops.

Inventory:

Hand Weapons
 D - a +2 war axe (weapon)
   (You took it off a wight on level 11 of the Dungeon)
Missiles
 h - 2 throwing nets (quivered)
Armour
 c - a +0 kite shield (worn)
 g - a +2 cloak of poison resistance (worn)
   (You bought it in a shop on level 4 of the Dungeon)
 i - a +1 pair of gloves of strength (worn)
   (You bought it in a shop on level 10 of the Dungeon)
 E - a +0 plate armour (worn)
   (You took it off an orc warrior on level 12 of the Dungeon)
 H - the +1 hat of Beyond (worn) {Int+2}
   (You found it in a Gauntlet)

   It affects your intelligence (+2).
Jewellery
 n - a +6 ring of strength (left hand)
   (You found it on level 5 of the Dungeon)
 o - a ring of poison resistance (right hand)
   (You found it on level 9 of the Dungeon)
 y - an uncursed ring of positive energy
   (You found it on level 7 of the Dungeon)
 B - an amulet of reflection (around neck)
   (You found it on level 10 of the Dungeon)
Wands
 b - a wand of enslavement (17)
   (You found it on level 4 of the Dungeon)
 m - a wand of acid (28)
   (You found it on level 3 of the Dungeon)
 A - a wand of paralysis (2)
   (You took it off an orc warrior on level 9 of the Dungeon)
Scrolls
 e - 8 scrolls of magic mapping
 k - a scroll of fog
 r - 5 scrolls of identify
 t - 4 scrolls of teleportation
 u - 3 scrolls of enchant weapon
 x - 7 scrolls of remove curse
 z - 4 scrolls of blinking
 F - a scroll of fear
 G - a scroll of immolation
Potions
 a - a potion of experience {unknown}
 d - 3 potions of might
 f - 2 potions of mutation
 j - a potion of flight {unknown}
 l - 2 potions of degeneration {unknown}
 p - 3 potions of lignification
 q - 4 potions of curing
 s - 3 potions of invisibility
 v - 4 potions of haste
 w - 7 potions of heal wounds
 C - 2 potions of berserk rage {unknown}
 I - 3 potions of brilliance {unknown}


   Skills:
 * Level 15.7(15.4) Fighting
 * Level 15.6(15.3) Axes
 + Level 11.9(11.6) Armour
 + Level 9.6(9.3) Dodging
 + Level 11.8(11.5) Shields
 + Level 9.5(9.2) Invocations


You had 13 spell levels left.
You didn't know any spells.
Your spell library was empty.

Dungeon Overview and Level Annotations

Branches:
Dungeon (15/15)            Temple (0/1) D:6            Lair (0/6) D:9
    Orc (2/2) D:9             Elf (0/3) Orc:2        Vaults (0/5) D:14
 Depths (0/5) D:15        Gauntlet (visited)

Altars:
Cheibriados
Dithmenos
Fedhas
Okawaru
Qazlal
Sif Muna
Uskayaw
Vehumet
Wu Jian
Yredelemnul
The Shining One
Lugonu

Shops:
D:4 [   D:7 :   D:10 [=?[   D:14 ?}[?   Orc:2 !*

Portals:
Trove: D:11 (give +6 demon whip)

Annotations:
D:4 1 runed translucent door
D:7 2 transporters, 1 exclusion, Lanoc's ghost, novice OpAr
D:13 3 runed translucent doors
Orc:2 Saint Roka


Innate Abilities, Weirdness & Mutations

You reflexively headbutt those who attack you in melee.
You have a pair of horns on your head.
You are partially covered in large bone plates. (SH +4)
You occasionally shout uncontrollably at your foes.
Your muscles are strong. (Str +2)


Message History

Saint Roka is severely wounded.
You hit Saint Roka.
Saint Roka is severely wounded.
Saint Roka calls down the wrath of Beogh upon you.
Beogh smites you!
The orc shouts!
You hit Saint Roka but do no damage. You headbutt Saint Roka!!
Saint Roka is almost dead.
Saint Roka hits you with a +0 battleaxe!!
* * * LOW HITPOINT WARNING * * *
You hit Saint Roka. You headbutt Saint Roka.
Saint Roka is almost dead.
You closely miss the orc. You block the orc's attack.
You are too injured to fight recklessly!
You slash Saint Roka!
Saint Roka is almost dead.
You hit the orc.
Saint Roka calls down the wrath of Beogh upon you.
Beogh smites you!
You die...

### ## ##.## ##.# ...#
#... ###.## # #.#...
##....##########
......###.....#.#(##.##.
#....oo#.#)..)...)).....
#@).....#...##....
#o..#...#))...##.##
##########)########
######)######
#...........#
#...####(####... . #)#
#)# #)#


You could see Saint Roka and 2 orcs.

Vanquished Creatures
  Frances (D:13)
  3 stone giants
  Nessos (D:13)
  A dire elephant (D:15)
  An ettin (Orc:1)
  A minotaur (Gauntlet)
  A great orb of eyes (Gauntlet)
  Josephine (D:13)
  A vault guard (D:14)
  A hydra (D:15)
  A death knight (D:15)
  2 centaur warriors (D:14)
  5 two-headed ogres
  An ogre mage (D:15)
  3 orc high priests (Orc:2)
  A tengu warrior (D:14)
  2 skeletal warriors (D:15)
  3 unseen horrors
  A wizard (D:15)
  4 orc knights (Orc:2)
  4 orc sorcerers (Orc:2)
  3 deep elf magi
  15 ugly things
  A wolf spider (D:15)
  7 cyclopes
  3 centaur zombies
  4 molten gargoyles (D:14)
  2 gargoyles
  6 centaur skeletons
  2 minotaur zombies (Gauntlet)
  A komodo dragon (D:11)
  A freezing wraith (D:15)
  5 trolls
  6 hornets
  A merfolk (D:15)
  7 slime creatures (D:12)
  3 hippogriffs
  20 flying skulls (D:15)
  A centaur simulacrum (D:14)
  3 shadows
  3 vampires
  3 wyverns
  10 wraiths
  Sigmund (D:4)
  9 yaks
  3 vampire mosquitoes (D:12)
  A basilisk (D:15)
  2 chaos spawn (Gauntlet)
  A neqoxec (Gauntlet)
  5 water moccasins
  A black bear (shapeshifter) (D:15)
  25 orc warriors
  5 sky beasts
  A hornet zombie (D:14)
  2 necrophages
  2 ice beasts
  2 black bears
  3 phantoms
  16 ogres
  4 wolves
  6 centaurs
  A crocodile (D:12)
  11 bullfrogs
  3 scorpions
  A wyvern skeleton (D:13)
  9 killer bees
  10 wights
  5 electric eels (D:9)
  10 howler monkeys
  2 quasits (D:8)
  4 jellies
  3 bullfrog zombies
  27 orc priests
  10 hounds
  Crazy Yiuf (D:7)
  3 bullfrog skeletons
  5 iguanas
  28 orc wizards
  A human skeleton (D:7)
  10 worker ants
  A killer bee zombie (D:4)
  An ogre zombie (D:7)
  Robin (D:4)
  3 gnolls (D:7)
  A howler monkey skeleton (D:8)
  11 adders
  A shadow imp (D:8)
  A white imp (D:6)
  An ufetubus (D:5)
  An adder skeleton (D:4)
  A worm (D:3)
  A dart slug (D:1)
  7 leopard geckos
  94 orcs
  4 bats
  2 giant cockroaches
  14 goblins
  11 hobgoblins
  10 jackals
  3 quokkas
  3 frilled lizards
  A jackal skeleton (D:9)
  5 kobolds
  A leopard gecko skeleton (D:4)
  An orc zombie (D:7)
  6 rats
  A bush (D:7)
566 creatures vanquished.

Vanquished Creatures (others)
  Sonja (Orc:2)
1 creature vanquished.

Grand Total: 567 creatures vanquished

Notes
Turn   | Place    | Note
-------+----------+-------------------------------------------
     0 | D:1      | Flugslaktarn the Minotaur Fighter began the quest for the
                  | Orb.
     0 | D:1      | Reached XP level 1. HP: 19/19 MP: 0/0
    19 | D:1      | Reached XP level 2. HP: 27/27 MP: 1/1
   224 | D:2      | Found a faded altar of an unknown god.
   283 | D:3      | Found a snail-covered altar of Cheibriados.
   312 | D:3      | Reached XP level 3. HP: 25/33 MP: 2/2
   526 | D:3      | Became a worshipper of Cheibriados the Contemplative
   782 | D:3      | Found a shimmering blue altar of Sif Muna.
   995 | D:3      | Noticed a black bear
  1000 | D:3      | Killed a black bear
  1000 | D:3      | Reached skill level 1 in Invocations
  1000 | D:3      | Reached XP level 4. HP: 32/41 MP: 3/3
  1000 | D:3      | Reached XP level 5. HP: 37/47 MP: 4/4
  1476 | D:4      | Noticed an ogre
  1484 | D:4      | Killed an ogre
  1484 | D:4      | Reached skill level 5 in Fighting
  1500 | D:4      | Reached * piety under Cheibriados
  1631 | D:4      | Reached XP level 6. HP: 46/56 MP: 6/6
  1685 | D:4      | Found Vokiempu's Antique Armour Emporium.
  1731 | D:4      | Noticed Robin
  1752 | D:4      | Killed Robin
  2054 | D:4      | Reached skill level 5 in Axes
  2125 | D:4      | Reached ** piety under Cheibriados
  2159 | D:4      | Reached skill level 5 in Shields
  2304 | D:4      | Noticed Sigmund
  2313 | D:4      | Killed Sigmund
  2313 | D:4      | Reached skill level 5 in Armour
  2313 | D:4      | Reached XP level 7. HP: 34/63 MP: 7/7
  2458 | D:4      | Found a runed translucent door.
  2458 | D:4      | Noticed a human
  2635 | D:4      | Found a basalt altar of Yredelemnul.
  2844 | D:5      | Entered Level 5 of the Dungeon
  2887 | D:4      | Bought a glowing cloak for 127 gold pieces
  3176 | D:5      | Reached XP level 8. HP: 67/71 MP: 9/9
  3373 | D:5      | Reached skill level 1 in Dodging
  3642 | D:5      | Found a hide-covered altar of Uskayaw.
  3746 | D:6      | Found a shadowy altar of Dithmenos.
  3787 | D:6      | Reached *** piety under Cheibriados
  3893 | D:6      | Found a staircase to the Ecumenical Temple.
  4251 | D:7      | Found a transporter.
  4254 | D:7      | Noticed Lanoc's ghost (novice OpAr)
  4271 | D:7      | Found a transporter.
  4415 | D:7      | Found Lezo's Book Shop.
  4459 | D:7      | Found a glowing golden altar of the Shining One.
  4784 | D:7      | Found a runed translucent door.
  4787 | D:7      | Noticed Crazy Yiuf
  4859 | D:7      | Reached XP level 9. HP: 76/81 MP: 10/10
  4999 | D:7      | Killed Crazy Yiuf
  5156 | D:8      | Reached **** piety under Cheibriados
  5334 | D:8      | Found a stormy altar of Qazlal.
  5499 | D:8      | You fall into a shaft and drop 1 floor!
  6113 | D:9      | Noticed a troll
  6410 | D:9      | Killed a troll
  6410 | D:9      | Reached XP level 10. HP: 69/92 MP: 9/12
  6414 | D:9      | Reached ***** piety under Cheibriados
  6431 | D:9      | Reached skill level 5 in Invocations
  6433 | D:9      | Reached skill level 10 in Fighting
  7071 | D:9      | Found a staircase to the Lair.
  7385 | D:9      | Found an iron altar of Okawaru.
  7385 | D:9      | Found a blossoming altar of Fedhas.
  7386 | D:9      | Found a radiant altar of Vehumet.
  7440 | D:9      | Reached skill level 10 in Axes
  7659 | D:9      | Noticed a cyclops
  7665 | D:9      | Killed a cyclops
  7665 | D:9      | Reached skill level 5 in Dodging
  7691 | D:9      | Noticed a gargoyle
  7702 | D:9      | Killed a gargoyle
  8108 | D:9      | Reached XP level 11. HP: 91/102 MP: 12/14
  8396 | D:9      | Found a staircase to the Orcish Mines.
  8431 | D:10     | Entered Level 10 of the Dungeon
  8431 | D:10     | Found Opyd's Antique Armour Shop.
  8654 | D:10     | Found Loroph's Armour Shop.
  8738 | D:10     | Bought a +1 pair of gloves of strength for 214 gold pieces
  8844 | D:10     | Found Hokaot's Magic Scroll Boutique.
  8883 | D:10     | Found Tabbeleles's Jewellery Shoppe.
  9049 | D:11     | Reached ****** piety under Cheibriados
  9722 | D:11     | Found a portal to a secret trove of treasure.
 10095 | D:12     | Found a gate leading to a gauntlet.
 10096 | D:12     | Noticed a purple ugly thing
 10106 | D:11     | Killed a purple ugly thing
 10333 | Gauntlet | Entered a Gauntlet
 10333 | Gauntlet | Found a large runed translucent door.
 10333 | Gauntlet | Found a large runed translucent door.
 10333 | Gauntlet | Found a large runed translucent door.
 10333 | Gauntlet | Found a large runed translucent door.
 10333 | Gauntlet | Found a runed translucent door.
 10333 | Gauntlet | Found a large runed translucent door.
 10333 | Gauntlet | Found a large runed translucent door.
 10333 | Gauntlet | Found a transporter.
 10333 | Gauntlet | Found a transporter.
 10333 | Gauntlet | Found a large runed translucent door.
 10333 | Gauntlet | Found a large runed translucent door.
 10333 | Gauntlet | Found a runed translucent gate.
 10333 | Gauntlet | Found a runed translucent gate.
 10333 | Gauntlet | Found a transporter.
 10333 | Gauntlet | Noticed a soul eater
 10353 | Gauntlet | Found a transporter.
 10356 | Gauntlet | Found a transporter.
 10356 | Gauntlet | Found a transporter.
 10362 | Gauntlet | Noticed a necromancer
 10370 | Gauntlet | Found a transporter.
 10371 | Gauntlet | Found a transporter.
 10377 | Gauntlet | Noticed a great orb of eyes
 10379 | Gauntlet | Noticed a cyan ugly thing
 10380 | Gauntlet | Found a transporter.
 10380 | Gauntlet | Found a transporter.
 10452 | Gauntlet | Found a runed translucent door.
 10453 | Gauntlet | Found a large runed translucent door.
 10453 | Gauntlet | Found a large runed translucent door.
 10453 | Gauntlet | Found a large runed translucent door.
 10453 | Gauntlet | Found a large runed translucent door.
 10454 | Gauntlet | Found a large runed translucent door.
 10454 | Gauntlet | Found a large runed translucent door.
 10455 | Gauntlet | Found a large runed translucent door.
 10455 | Gauntlet | Found a large runed translucent door.
 10464 | Gauntlet | Found a runed translucent gate.
 10480 | Gauntlet | Found a transporter.
 10484 | Gauntlet | Found a transporter.
 10747 | Gauntlet | Gained mutation: You tend to lose your temper in combat. [a
                  | neqoxec]
 10866 | Gauntlet | Paralysed by a great orb of eyes for 3 turns
 10870 | Gauntlet | Killed a great orb of eyes
 10878 | Gauntlet | Killed a cyan ugly thing
 10892 | Gauntlet | Got a pitted hat
 10898 | Gauntlet | Lost mutation: You tend to lose your temper in combat.
                  | [potion of mutation]
 10898 | Gauntlet | Gained mutation: Your muscles are strong. (Str +2) [potion
                  | of mutation]
 10898 | Gauntlet | Gained mutation: You are partially covered in large bone
                  | plates. (SH +4) [potion of mutation]
 10904 | Gauntlet | Identified the +1 hat of Beyond {Int+2} (You found it in a
                  | Gauntlet)
 11043 | Gauntlet | Noticed a minotaur
 11049 | Gauntlet | Killed a minotaur
 11113 | D:12     | Noticed a two-headed ogre
 11118 | D:12     | Killed a two-headed ogre
 11118 | D:12     | Reached XP level 12. HP: 101/113 MP: 16/16
 11761 | D:12     | Noticed a two-headed ogre
 11767 | D:12     | Killed a two-headed ogre
 11943 | D:13     | Noticed Nessos
 11947 | D:13     | Killed Nessos
 11947 | D:13     | Reached skill level 10 in Armour
 12272 | D:13     | Noticed Josephine
 12277 | D:13     | Reached skill level 10 in Shields
 12284 | D:13     | Killed Josephine
 12498 | D:13     | Noticed Frances
 12510 | D:13     | Killed Frances
 12510 | D:13     | Reached XP level 13. HP: 120/122 MP: 17/17
 12589 | D:13     | Found a runed translucent gate.
 12590 | D:13     | Found a runed translucent gate.
 12590 | D:13     | Found a runed translucent gate.
 12591 | D:13     | Noticed a brown very ugly thing
 12592 | D:13     | Noticed a red very ugly thing
 12718 | D:13     | Found a corrupted altar of Lugonu.
 13055 | D:14     | Found Ofuck's Magic Scroll Shoppe.
 13064 | D:14     | Found an ornate altar of the Wu Jian Council.
 13081 | D:14     | Found Wucw's Gadget Boutique.
 13169 | D:14     | Found Lioddof's Armour Boutique.
 13338 | D:14     | Found Zadog's Magic Scroll Emporium.
 13958 | D:14     | Found a gate to the Vaults.
 14047 | D:14     | You fall into a shaft and drop 1 floor!
 14047 | D:15     | Entered Level 15 of the Dungeon
 14101 | D:15     | Found the +3 giant club "Skullcrusher" {speed, Str+7}
 14271 | D:15     | Reached XP level 14. HP: 133/133 MP: 19/19
 14465 | D:15     | Reached skill level 15 in Fighting
 14554 | D:15     | Reached skill level 15 in Axes
 14842 | D:15     | Found a staircase to the Depths.
 15422 | Orc:1    | Entered Level 1 of the Orcish Mines
 15425 | Orc:1    | Noticed a stone giant
 15441 | Orc:1    | Killed a stone giant
 15824 | Orc:2    | Entered Level 2 of the Orcish Mines
 15879 | Orc:2    | Noticed Sonja
 15885 | Orc:2    | Killed Sonja
 15885 | Orc:2    | Noticed a stone giant
 15901 | Orc:2    | Killed a stone giant
 16163 | Orc:2    | Found a staircase to the Elven Halls.
 16286 | Orc:2    | Noticed Saint Roka
 16663 | Orc:2    | Noticed a stone giant
 16677 | Orc:2    | Killed a stone giant
 16842 | Orc:2    | Paralysed by an orc sorcerer for 7 turns
 16843 | Orc:2    | Gained mutation: You occasionally shout uncontrollably at
                  | your foes. [a neqoxec]
 16866 | Orc:2    | HP: 3/135 [Saint Roka/divine providence (16)]
 17390 | Orc:2    | Found Reonuru's Assorted Antiques.
 17390 | Orc:2    | Found Vituics's Distillery.
 17664 | Orc:2    | Killed from afar by Saint Roka

Illustrated notes

Levels and vault maps discovered:
D:1:      dpeg_arrival_long_road, layout_basic
D:2:      layout_basic, nicolae_ru_awakened_eye,
          chequers_ecumenical_altar_simple, roderic_nine_men_s_morris
D:3:      layout_basic, led_sif_pool, cheibriados_altar_1
D:4:      layout_loops_ring, serial_shops, shop, dk_yredelemnul_ordeal,
          uniq_sigmund, uniq_robin
D:5:      layout_basic, lemuel_crystal_altar
D:6:      layout_cave_pools, minmay_temple_entry_grid,
          nicolae_dithmenos_through_a_glass_darkly
D:7:      layout_basic, basic_altar, gammafunk_ghost_stat_death, serial_shops,
          shop, kb_lookout_dungeons_type, lemuel_mausoleum_altar_kikubaaqudgha,
          uniq_crazy_yiuf_cottage
D:8:      layout_loops_cross, nicolae_qazlal_general_emergency
D:9:      layout_stronghold, gammafunk_temple_overflow_claw, erik_lair_island,
          erik_orc_2
D:10:     layout_rooms, serial_shops,
          nicolae_shop_temple_entry_statues_fountains,
          nicolae_shop_behind_doors, nicolae_shop_statue_plus,
          nicolae_shop_behind_doors, lemuel_statue_altar
D:11:     layout_loops_corners, enter_trove_0
D:12:     layout_rooms, gauntlet_entry_generic
D:13:     layout_loops_ring, ploomutoo_gammafunk_ghost_potion_laboratory,
          chequers_serial_rivers_micro_a, tgw_lugonu_bribe, uniq_frances,
          uniq_nessos, uniq_josephine
D:14:     layout_gridville, david_vaults_5, basic_altar, serial_shops,
          kennysheep_little_box, shop, nicolae_shop_behind_doors,
          kennysheep_mini_moat, minivault_8
D:15:     hangedman_depths_entry_try_elsewhere_first, layout_loops_ring,
          hangedman_abyss_or_decor_clamps, minmay_guarded_unrand_skullcrusher
Orc:1:    layout_diamond_mine, gammafunk_ghost_smash
Orc:2:    st_orc_elflike, layout_caves, uniq_sonja, uniq_saint_roka

Skill      XL: |  1  2  3  4  5  6  7  8  9 10 11 12 13 14 |
---------------+-------------------------------------------+-----
Fighting       | 4 5 6 8 9 11 12 13 14 15 | 15.7
Axes           | 3 4 5 6 7 9 10 12 13 14 15 | 15.6
Armour         | 4 5 6 7 8 9 10 11 | 11.9
Shields        | 4 5 6 7 8 9 10 11 | 11.8
Invocations    | 1 2 3 4 5 6 7 8 9 |  9.5
Dodging        | 2 4 5 6 7 8 9 |  9.6

Action                   |  1- 3 |  4- 6 |  7- 9 | 10-12 | 13-15 || total
-------------------------+-------+-------+-------+-------+-------++-------
Melee: War axe           |    87 |    98 |   229 |   453 |   464 ||  1331
       Headbutt          |    12 |    18 |    65 |   154 |   193 ||   442
Invok: Slouch            |       |       |       |       |     5 ||     5
Evoke: Wand              |       |       |       |     6 |       ||     6
  Use: Potion            |     2 |       |       |     3 |     1 ||     6
       Scroll            |       |       |    14 |     3 |     5 ||    22
 Stab: Distracted        |       |       |       |       |     1 ||     1
       Held in net/web   |       |       |       |       |     1 ||     1
Armor: Scale mail        |    31 |    35 |    37 |       |       ||   103
       Chain mail        |       |       |    77 |    83 |       ||   160
       Plate armour      |       |       |       |    19 |   115 ||   134
Dodge: Dodged            |    31 |    32 |   100 |   114 |   121 ||   398
Block: Kite shield       |    43 |    62 |   189 |   405 |   431 ||  1130
       Reflection        |       |       |       |    15 |    19 ||    34

Table legend: (Time is in decaauts)
 A = Elapsed time spent in this place.
 B = Non-inter-level travel time spent in this place.
 C = Inter-level travel time spent in this place.
 D = Time resting spent in this place.
 E = Time spent auto-exploring this place.
 F = Levels seen in this place.
 G = Mean time per level.
                   A        B        C        D        E       F      G
               +--------+--------+--------+--------+--------+-----+--------+
         Total |  24492 |  23497 |    995 |   2889 |  17112 |  18 | 1360.7 |
       Dungeon |  20683 |  19711 |    972 |   1741 |  15196 |  15 | 1378.9 |
  Orcish Mines |   2784 |   2761 |     23 |    760 |   1599 |   2 | 1392.0 |
      Gauntlet |   1023 |   1023 |      0 |    388 |    317 |   1 | 1023.0 |
               +--------+--------+--------+--------+--------+-----+--------+

Top non-repeatable levels by time:
     D:9: 2557 daAuts
   Orc:2: 2153 daAuts
    D:11: 2093 daAuts
    D:13: 1966 daAuts
     D:8: 1876 daAuts
    D:14: 1820 daAuts
     D:4: 1674 daAuts
    D:15: 1520 daAuts
     D:7: 1434 daAuts
    D:12: 1219 daAuts
     D:3: 1209 daAuts
     D:5: 1202 daAuts
    D:10: 1031 daAuts
Gauntlet: 1023 daAuts
   Orc:1: 630 daAuts
